 Dungeon Crawl Stone Soup version 0.31-a0-210-gccc998df9b (webtiles) character file.

Game seed: 4999471315548658768

6635 Edyrem the Frost Mage (level 10, -3/88 HPs)
             Began as a Grey Draconian Ice Elementalist on June 29, 2023.
             Was an Initiate of Gozag.
             Killed from afar by an electric eel (13 damage)
             ... with a bolt of electricity
             ... on level 9 of the Dungeon.
             The game lasted 00:25:20 (9777 turns).

Edyrem the Frost Mage (DrIE)                        Turns: 9777, Time: 00:25:21

Health: -3/88      AC: 17    Str: 10    XL:     10   Next: 72%
Magic:  20/21      EV: 15    Int: 27    God:    Gozag
Gold:   499        SH:  0    Dex: 14    Spells: 14/24 levels left

rFire   . . .        b - +2 dagger (elec)
rCold   . . .        y - orb of Kikubaaqudgha's Anger {guile, rN+ Int+3}
rNeg    + . .        (body armour unavailable)
rPois   .            (helmet restricted)
rElec   .            l - +2 cloak
rCorr   .            h - +0 pair of gloves
SInv    .            v - +0 pair of boots
Will    .....        (no amulet)
Stlth   ++           m - +6 ring of intelligence
HPRegen 0.34/turn    (no ring)
MPRegen 0.17/turn

%: no passive effects
@: gold aura
A: AC +12, amphibious, unfitting armour, cold-blooded
a: Renounce Religion, Potion Petition, Call Merchant, Bribe Branch


You were on level 9 of the Dungeon.
You worshipped Gozag.
Gozag was aware of your devotion.
You visited 2 branches of the dungeon, and saw 10 of its levels.

You collected 956 gold pieces.
You spent 391 gold pieces at shops.
You paid 66 gold pieces to Gozag.

Inventory:

Hand Weapons
 a - a +1 short sword of speed
 b - a +2 dagger of electrocution (weapon)
 e - a +1 long sword of holy wrath
 g - a +0 vampiric rapier
Missiles
 r - 2 silver boomerangs
 u - a throwing net
 B - 2 boomerangs
Armour
 h - a +0 pair of gloves (worn)
 l - a +2 cloak (worn)
 q - an orb of energy
 v - a +0 pair of boots (worn)
 w - a +1 kite shield
 y - the orb of Kikubaaqudgha's Anger (worn) {guile, rN+ Int+3}
   (You bought it in a shop on level 1 of the Dungeon)

   Int:       It affects your intelligence (+3).
   rN:        It protects you from negative energy.
Jewellery
 m - a +6 ring of intelligence (left hand)
Wands
 k - a wand of iceblast (11)
 A - a wand of quicksilver (11)
Scrolls
 j - 3 scrolls of revelation
Potions
 c - 2 potions of mutation
 d - 3 potions of invisibility
 f - 2 potions of berserk rage
 i - 2 potions of brilliance {unknown}
 n - 2 potions of curing {@q2}
 o - a potion of magic
 p - 3 potions of might {unknown}
 s - 3 potions of enlightenment
 t - a potion of haste {unknown}
 x - a potion of heal wounds {@q1}
 z - a potion of lignification {unknown}


   Skills:
 + Level 8.0 Fighting
 + Level 6.5 Short Blades
 + Level 7.0 Dodging
 - Level 1.7 Stealth
 + Level 7.6 Spellcasting
 + Level 8.4 Ice Magic


You had 14 spell levels left.
You knew the following spells:

 Your Spells              Type           Power      Damage    Failure   Level
a - Freeze                Ice            100%       1d10      1%          1
b - Frozen Ramparts       Ice            100%       1d16      1%          3
c - Ozocubu's Armour      Ice            54%        N/A       1%          3
d - Passwall              Tmut/Erth      8%         N/A       9%          2
e - Magic Dart            Conj           40%        1d5       5%          1

Your spell library contained the following spells:

 Spells                   Type           Power      Damage    Failure   Level
 Ensorcelled Hibernation  Hex/Ice        66%        N/A       1%          2
 Searing Ray              Conj           20%        2d5       9%          2
 Summon Ice Beast         Ice/Summ       33%        N/A       10%         4
 Gell's Gravitas          Tloc           10%        N/A       17%         3
 Swiftness                Air            10%        N/A       17%         3
 Teleport Other           Tloc           10%        N/A       17%         3
 Fulminant Prism          Conj/Hex       5%         3d7       50%         4
 Dispersal                Tloc           5%         N/A       100%        6


Dungeon Overview and Level Annotations

Branches:
Dungeon (9/15)             Temple (1/1) D:6            Lair (0/5) D:9
    Orc: D:9-12

Altars:
Ashenzari
Cheibriados
Dithmenos
Elyvilon
Fedhas
Gozag
Hepliaklqana
Kikubaaqudgha
Makhleb
Nemelex Xobeh
Okawaru
Qazlal
Ru
Trog
Uskayaw
Vehumet
Wu Jian
Xom
Zin
The Shining One

Shops:
D:1 [   D:5 *   D:6 ![

Annotations:
D:8 2 transporters, runemasterragnar's ghost, novice DsMo


Innate Abilities, Weirdness & Mutations

Your dull iron-grey scales are very hard. (AC +12)
You are amphibious.
You cannot fit into any form of body armour.
You are cold-blooded and may be slowed by cold attacks.


Message History

The hound barely misses you.
You hit the hound. Lightning courses through the hound!
You kill the hound!
The electric eel shoots out a bolt of lightning at you!
The bolt of electricity hits you.
Your Fighting skill increases to level 8!
Your Dodging skill increases to level 7!
The electric eel shoots out a bolt of lightning at you!
The bolt of electricity hits you!
You see here 6 gold pieces.
Found a staircase to the Lair.
The electric eel shoots out a bolt of lightning at you!
The bolt of electricity hits you!
The electric eel shoots out a bolt of lightning at you!
The bolt of electricity hits you!
The electric eel shoots out a bolt of lightning at you!
The bolt of electricity hits you!
The electric eel shoots out a bolt of lightning at you!
The bolt of electricity hits you!
Casting: Ozocubu's Armour (safe; 1% risk of failure)
Confirm with . or Enter, or press ? or * to list all spells.
Aiming: Magic Dart (safe; 5% risk of failure)
Press: ? - help, Shift-Dir - straight line, f - electric eel
Aim: an electric eel (100% to hit)
The magic dart hits the electric eel.
The electric eel is lightly wounded.
The electric eel shoots out a bolt of lightning at you!
The bolt of electricity hits you!
* * * LOW HITPOINT WARNING * * *
The electric eel shoots out a bolt of lightning at you!
The bolt of electricity hits you!
* * * LOW HITPOINT WARNING * * *
Okay, then.
Okay, then.
Things that are here:
21 gold pieces; a +0 halberd; a +0 robe The electric eel shoots out a bolt of lightning at you!
The bolt of electricity hits you!
You die...
Your body crumbles into a pile of gold.

........~~~~~~~.....
........~≈≈~≈~≈≈~.~~
.........~≈≈~≈≈≈≈~~~
.........~≈~.S≈≈≈≈≈≈
........~~≈..S≈~≈≈≈≈
.....#..~.$....~~≈≈≈ ....
#.$........~≈≈≈ ...
##$##$######### #+# #$$$@#
#. ####.# .. +.. #.# ..#
#..#####.###########..#
###.....................#
........................#
...........)))..........#
.............)..........#
################).......##


You could see 2 electric eels.

Vanquished Creatures
  A two-headed ogre (D:5)
  A dancing weapon (D:6)
  A hornet (D:9)
  Grinder (D:6)
  Grum (D:8)
  Eustachio (D:4)
  A steam dragon (D:6)
  Edmund (D:6)
  3 water moccasins
  3 orc warriors
  3 sky beasts
  2 ice beasts (D:6)
  3 black bears
  3 ogres
  6 wolves
  A kobold brigand (D:9)
  A phantom (D:4)
  4 bullfrogs
  A gnoll sergeant (D:6)
  2 scorpions
  5 wights (D:9)
  10 killer bees (D:9)
  2 howler monkeys
  4 quasits (D:4)
  5 orc priests
  4 hounds
  3 jellies (D:6)
  2 gnoll boudas
  2 iguanas (D:5)
  A sleepcap (D:6)
  5 orc wizards
  A statue (D:6)
  14 gnolls
  8 adders
  2 shadow imps (D:6)
  3 white imps
  An ufetubus (D:4)
  2 worms (D:4)
  2 dart slugs
  The ghost of Leavold the Caller, a weakling DESu (D:6)
  30 orcs
  10 ball pythons
  5 bats
  7 endoplasms
  2 giant cockroaches
  3 hobgoblins
  4 jackals (D:1)
  4 quokkas
  3 frilled lizards
  4 goblins
  9 kobolds
  5 rats
203 creatures vanquished.

Notes
Turn   | Place    | Note
-------+----------+-------------------------------------------
     0 | D:1      | Edyrem the Draconian Ice Elementalist began the quest for
                  | the Orb.
     0 | D:1      | Reached XP level 1. HP: 14/14 MP: 3/3
   300 | D:1      | Reached XP level 2. HP: 21/22 MP: 3/5
   521 | D:1      | Reached skill level 1 in Fighting
   625 | D:1      | Reached XP level 3. HP: 27/28 MP: 6/6
   707 | D:1      | Found Ysoisam's Antique Armour Boutique.
   810 | D:1      | Learned a level 3 spell: Frozen Ramparts
   814 | D:1      | Learned a level 3 spell: Ozocubu's Armour
  1647 | D:3      | Reached XP level 4. HP: 35/35 MP: 5/8
  2327 | D:3      | Found a white marble altar of Elyvilon.
  2376 | D:3      | Found an iron altar of Okawaru.
  2377 | D:3      | Found a sparkling altar of Nemelex Xobeh.
  2567 | D:4      | Noticed a phantom
  2589 | D:4      | Killed a phantom
  2590 | D:4      | Reached XP level 5. HP: 20/41 MP: 6/10
  3016 | D:3      | Found a stormy altar of Qazlal.
  3016 | D:3      | Found a sacrificial altar of Ru.
  3102 | D:4      | Found an ancient bone altar of Kikubaaqudgha.
  3216 | D:4      | Noticed Eustachio
  3245 | D:4      | Killed Eustachio
  3246 | D:4      | Reached XP level 6. HP: 8/50 MP: 9/12
  3515 | D:4      | Found a glowing silver altar of Zin.
  3583 | D:4      | Reached skill level 5 in Ice Magic
  3731 | D:5      | Entered Level 5 of the Dungeon
  3879 | D:5      | Learned a level 2 spell: Passwall
  3940 | D:4      | Your scales start taking on a dull iron-grey colour.
  3940 | D:4      | Reached XP level 7. HP: 24/57 MP: 13/13
  3945 | D:4      | Reached skill level 1 in Short Blades
  4286 | D:5      | Found a snail-covered altar of Cheibriados.
  4289 | D:5      | Noticed a two-headed ogre
  4312 | D:5      | Killed a two-headed ogre
  4313 | D:5      | Reached skill level 5 in Spellcasting
  4313 | D:5      | Reached XP level 8. HP: 11/67 MP: 9/16
  4904 | D:5      | Found Bul Xitzo's Lightly-Used Armoury.
  5060 | D:6      | Found Quish's Armour Shop.
  5076 | D:6      | Noticed Edmund
  5096 | D:6      | Killed Edmund
  5097 | D:6      | Reached skill level 5 in Fighting
  5170 | D:6      | Found a staircase to the Ecumenical Temple.
  5211 | Temple   | Entered the Ecumenical Temple
  5221 | Temple   | Became a worshipper of Gozag Ym Sagoz the Greedy
  5288 | D:6      | Found Wulu's Distillery.
  5299 | D:6      | Bought a potion of heal wounds for 55 gold pieces
  5514 | D:6      | Found a runed translucent door.
  5516 | D:6      | Found a shimmering altar of Xom.
  5516 | D:6      | Noticed Leavold's ghost (weakling DESu)
  5517 | D:6      | Noticed a +3 dagger of chaos
  5620 | D:6      | Noticed Grinder
  5631 | D:6      | Reached skill level 5 in Dodging
  5651 | D:6      | Killed Grinder
  5652 | D:6      | Reached XP level 9. HP: 28/74 MP: 15/17
  5998 | D:6      | Found a radiant altar of Vehumet.
  6861 | D:6      | Killed Leavold's ghost
  6890 | D:6      | Killed a +3 dagger of chaos
  6891 | D:6      | Reached skill level 5 in Short Blades
  7502 | D:1      | Bought a dazzling orb for 336 gold pieces
  7502 | D:1      | Identified the orb of Kikubaaqudgha's Anger {guile, rN+
                  | Int+3} (You bought it in a shop on level 1 of the Dungeon)
  7709 | D:7      | Reached XP level 10. HP: 44/84 MP: 20/20
  8886 | D:8      | Found a transporter.
  8888 | D:8      | Noticed a moth of wrath
  8889 | D:8      | Noticed runemasterragnar's ghost (novice DsMo)
  8948 | D:8      | Found a hide-covered altar of Uskayaw.
  8962 | D:8      | Found a bloodstained altar of Trog.
  8972 | D:8      | Found a transporter.
  8972 | D:8      | Noticed Grum
  9010 | D:8      | Killed Grum
  9747 | D:9      | Learned a level 1 spell: Magic Dart
  9772 | D:9      | Found a staircase to the Lair.
  9777 | D:9      | Killed from afar by an electric eel

Illustrated notes

Levels and vault maps discovered:
D:1:      psy_arrival_statuary, layout_loops_ring, serial_shops, shop,
          minmay_misc_feat_four_crosses, minivault_11
D:2:      layout_basic
D:3:      layout_basic, nicolae_overflow_hidden_temple
D:4:      cheibrodos_quashed, layout_basic, mainiacjoe_overflow_boulevard,
          kiku_gazebo_pond_becter, serial_bayou_pond_a, uniq_eustachio
D:5:      layout_loops_ring, kennysheep_mini_moat, minivault_27,
          minmay_shop_damaged
D:6:      layout_basic, vehumet_statue, minmay_temple_entry_statues,
          ebering_ghost_xom, serial_shops, nicolae_shop_tiny_waterfront,
          nicolae_shop_tiny_glass, uniq_grinder, uniq_edmund
D:7:      layout_layer_cave, nicolae_eternal_life, grunt_ministairs_13
D:8:      layout_loops_cross, kennysheep_mini,
          gammafunk_ghost_wrathful_warriors, minivault_19, uniq_grum
D:9:      layout_irregular_city, mainiacjoe_overflow_chevrons, erik_lair_island,
          uniq_psyche, uniq_erolcha
Temple:   hellmonk_temple_rainy

Skill      XL: |  1  2  3  4  5  6  7  8  9 10 |
---------------+-------------------------------+-----
Dodging        | 2 3 4 5 6 7 |  7.0
Fighting       | 1 2 3 4 5 6 8 |  8.0
Spellcasting   | 3 4 5 6 7 |  7.6
Ice Magic      | 5 6 7 8 |  8.4
Short Blades   | 3 4 5 6 |  6.5
Stealth        | |  1.7

Action                     |  1- 3 |  4- 6 |  7- 9 | 10-12 || total
---------------------------+-------+-------+-------+-------++-------
  Melee: Unarmed           |     7 |       |       |       ||     7
         Tailslap          |    11 |    16 |    39 |    30 ||    96
         Dagger            |   145 |    15 |   308 |   190 ||   658
         Punch             |     2 |     1 |       |       ||     3
         Short sword       |       |   117 |    12 |       ||   129
         Long sword        |       |    17 |     4 |       ||    21
   Cast: Freeze            |    21 |    33 |    18 |       ||    72
         Frozen Ramparts   |       |     1 |    14 |    11 ||    26
         Passwall          |       |     1 |     1 |       ||     2
         Ozocubu's Armour  |       |       |     6 |     2 ||     8
         Magic Dart        |       |       |       |     1 ||     1
    Use: Scroll            |       |     6 |     5 |     3 ||    14
         Potion            |       |     1 |     4 |       ||     5
   Stab: Sleeping          |     1 |     2 |       |       ||     3
         Distracted        |       |     1 |     1 |     1 ||     3
 Armour: Skin              |    52 |   156 |   166 |    79 ||   453
  Dodge: Dodged            |    98 |   200 |   184 |   178 ||   660

Table legend: (Time is in decaauts)
 A = Elapsed time spent in this place.
 B = Non-inter-level travel time spent in this place.
 C = Inter-level travel time spent in this place.
 D = Time resting spent in this place.
 E = Time spent auto-exploring this place.
 F = Levels seen in this place.
 G = Mean time per level.
                   A        B        C        D        E       F      G
               +--------+--------+--------+--------+--------+-----+--------+
         Total |   9622 |   8952 |    670 |    823 |   6371 |  10 |  962.2 |
       Dungeon |   9602 |   8932 |    670 |    823 |   6371 |   9 | 1066.9 |
        Temple |     19 |     19 |      0 |      0 |      0 |   1 |   19.0 |
               +--------+--------+--------+--------+--------+-----+--------+

Top non-repeatable levels by time:
     D:6: 2001 daAuts
     D:4: 1526 daAuts
     D:7: 1252 daAuts
     D:5: 1111 daAuts
     D:1: 960 daAuts
     D:3: 880 daAuts
     D:8: 752 daAuts
     D:2: 739 daAuts
     D:9: 380 daAuts
  Temple: 19 daAuts
